 Dungeon Crawl Stone Soup version 0.24.0-1-gfbc8707122 (webtiles) character file.

Game seed: 5501332764769235426, levelgen mode: deterministic

791 night the Chopper (level 7, -4/62 HPs)
             Began as a Naga Fighter on Oct 27, 2019.
             Slain by an orc warrior
             ... wielding a +0 glaive
              (9 damage)
             ... on level 6 of the Dungeon.
             The game lasted 00:11:12 (5307 turns).

night the Chopper (Naga Fighter)                    Turns: 5307, Time: 00:11:12

Health: -4/62      AC:  7    Str: 20    XL:     7   Next: 88%
Magic:  7/7        EV:  9    Int:  9    God:
Gold:   283        SH:  9    Dex: 10    Spells: 6/6 levels left

rFire    . . .     SeeInvis +   a - +1 war axe
rCold    . . .     Gourm    .   c - +0 shield
rNeg     . . .     Faith    .   b - +0 scale mail
rPois    +         Spirit   .   (no helmet)
rElec    .         Reflect  .   (no cloak)
rCorr    .         Harm     .   t - +0 pair of gloves (curse)
MR       .....                  (no barding)
Stlth    ..........             g - amulet of magic regeneration
HPRegen  0.20/turn              j - +3 ring of evasion
MPRegen  0.35/turn              (no ring)

@: short of breath, very slow
A: large, see invisible, deformed body, mutation resistance 1, poison
resistance, slowness 2, slow metabolism 1, spit poison 1, subdued magic 2, AC +2
a: Spit Poison


You were on level 6 of the Dungeon.
You were near starving.

You visited 1 branch of the dungeon, and saw 6 of its levels.

You collected 283 gold pieces.

Inventory:

Hand Weapons
 a - a +1 war axe (weapon)
Missiles
 o - 2 javelins (quivered)
 v - a throwing net
Armour
 b - a +0 scale mail (worn)
 c - a +0 shield (worn)
 t - a cursed +0 pair of gloves (worn)
Jewellery
 g - an amulet of magic regeneration (around neck)
 j - a +3 ring of evasion (left hand)
Wands
 h - a wand of polymorph (8)
 p - a wand of acid (9)
Scrolls
 e - 2 scrolls of magic mapping {unknown}
 k - 2 scrolls of remove curse
 l - a scroll of amnesia {unknown}
 m - a scroll of enchant weapon
 s - a scroll of identify
 u - a scroll of teleportation {unknown}
Potions
 d - a potion of might
 i - a potion of flight
 n - 2 potions of curing
 q - a potion of agility {unknown}
 r - 2 potions of degeneration {unknown}
Comestibles
 f - 7 rations


   Skills:
 - Level 3.0 Fighting
 * Level 7.2 Axes
 - Level 2.4 Armour
 + Level 4.7 Shields


You had 6 spell levels left.
You didn't know any spells.
Your spell library contained the following spells:

 Spells                   Type           Power        Failure   Level  Hunger
 Magic Dart               Conj           #...         94%         1    ##.....
 Searing Ray              Conj           #.....       98%         2    ###....
 Dazzling Spray           Conj/Hex       #.....       100%        3    ####...
 Force Lance              Conj/Tloc      #.......     100%        4    #####..
 Fulminant Prism          Conj/Hex       #.........   100%        4    #####..
 Iskenderun's Mystic Bla  Conj           #.......     100%        4    #####..


Dungeon Overview and Level Annotations

Branches:
Dungeon (6/15)
 Temple: D:4-7

Altars:
Gozag
Kikubaaqudgha
Trog
Vehumet

Shops:
D:4 ?*

Annotations:
D:3 1 exclusion


Innate Abilities, Weirdness & Mutations

You cannot wear boots.
Your serpentine skin is tough. (AC +2)
You have supernaturally acute eyesight. (SInv)
Armour fits poorly on your strangely shaped body.
Your system is resistant to poisons. (rPois)
You cover ground very slowly.
You have a slow metabolism.
You can spit poison.
You are somewhat resistant to further mutation.
Your spells are easier to cast, but less powerful.


Message History

The orc priest invokes the aid of Beogh against you.
Beogh smites you!
The orc warrior drinks a potion.
The orc warrior is healed!
The orc warrior looks more healthy.
The orc barely misses you.
You hit the orc.
The orc is almost dead.
You block the orc warrior's attack.
You hit the orc.
You kill the orc!
You have got your breath back.
The orc priest mumbles some strange prayers to Beogh against you.
Beogh smites you!
The orc warrior hits you from afar with a +0 glaive!
Press: ? - help, Shift-Dir - straight line, f/p - orc priest
Aim: an orc priest, wielding a +0 trident The splash of poison hits the orc warrior but does no damage.
You feel slightly more hungry.
The orc warrior hits you from afar with a +0 glaive!!
* * * LOW HITPOINT WARNING * * *
The orc warrior hits you from afar with a +0 glaive!
You die...

#.######
#O#....#
#.#.##.#
#o#.##.#
#)#.##.#
#o#.##.#
#o#.##.#
#.#.##.#
###@#..#.#
#......#.#
#........#
#......###
#......####
######....#
####.#
############.#
#............#


You could see an orc warrior, an ogre, an orc priest and an orc wizard
(invisible).

Vanquished Creatures
  A phantom (D:4)
  An ogre (D:5)
  Blork the orc (D:4)
  2 scorpions (D:4)
  A howler monkey (D:5)
  A bullfrog skeleton (D:3)
  3 orc priests
  2 orc wizards
  3 worker ants (D:4)
  2 adders
  A shadow imp (D:5)
  An adder skeleton (D:4)
  3 worms
  A dart slug (D:4)
  5 leopard geckos
  22 orcs
  3 giant cockroaches
  11 goblins
  8 hobgoblins
  4 jackals (D:5)
  13 kobolds
  4 quokkas
  A ball python (D:1)
  6 bats
  4 frilled lizards
  A jackal skeleton (D:4)
  A leopard gecko skeleton (D:5)
  9 rats
115 creatures vanquished.

Notes
Turn   | Place    | Note
-------+----------+-------------------------------------------
     0 | D:1      | night the Naga Fighter began the quest for the Orb.
     0 | D:1      | Reached XP level 1. HP: 21/21 MP: 1/1
    37 | D:1      | Reached XP level 2. HP: 14/28 MP: 2/2
   551 | D:1      | Reached skill level 3 in Axes
   614 | D:1      | Reached XP level 3. HP: 33/34 MP: 3/3
  1701 | D:3      | Reached XP level 4. HP: 41/42 MP: 4/4
  1712 | D:3      | Reached skill level 4 in Axes
  1795 | D:3      | Reached XP level 5. HP: 33/49 MP: 5/5
  2056 | D:3      | Found a bloodstained altar of Trog.
  2337 | D:4      | Gained mutation: Your spells are a little easier to cast,
                  | but a little less powerful. [potion of mutation]
  2337 | D:4      | Gained mutation: Your spells are easier to cast, but less
                  | powerful. [potion of mutation]
  2337 | D:4      | Gained mutation: You are somewhat resistant to further
                  | mutation. [potion of mutation]
  2354 | D:4      | Reached skill level 5 in Axes
  2655 | D:4      | Noticed Blork the orc
  2657 | D:4      | Noticed a phantom
  2674 | D:4      | Killed Blork the orc
  2674 | D:4      | Reached XP level 6. HP: 31/56 MP: 6/6
  2724 | D:4      | Killed a phantom
  2724 | D:4      | Reached skill level 6 in Axes
  2908 | D:4      | Reached XP level 7. HP: 62/62 MP: 7/7
  3117 | D:4      | Found Tozejog's Assorted Antiques.
  3117 | D:4      | Found Olioning's Magic Scroll Shop.
  3664 | D:5      | Entered Level 5 of the Dungeon
  3859 | D:5      | Reached skill level 7 in Axes
  4694 | D:5      | Found an opulent altar of Gozag.
  4694 | D:5      | Found an ancient bone altar of Kikubaaqudgha.
  4833 | D:5      | Found a radiant altar of Vehumet.
  5307 | D:6      | Slain by an orc warrior

Levels and vault maps discovered:
D:1:      mrwooster_arrival_arrow, layout_rooms, hangedman_glass_teeth
D:2:      layout_loops_ring, minmay_octomino_j4
D:3:      layout_rooms, first_ration, trog_hazing_becter
D:4:      layout_basic, serial_shops, shop, shop, uniq_blork_the_orc
D:5:      layout_basic, fiery_altar_vehumet, grunt_temple_overflow_open,
          roderic_roman_lattice
D:6:      layout_basic, okawaru_altar_gauntlet_db, temple_hall, serial_shops,
          shop

Skill      XL: |  1  2  3  4  5  6  7 |
---------------+----------------------+-----
Axes           | 3 4 5 6 7 |  7.2
Shields        | 3 4 |  4.7
Fighting       | |  3.0
Armour         | |  2.4

Action                   |  1- 3 |  4- 6 |  7- 9 || total
-------------------------+-------+-------+-------++-------
Melee: War axe           |   154 |   140 |   108 ||   402
Throw: Javelin           |       |     2 |     2 ||     4
 Abil: Spit Poison       |     6 |     6 |    11 ||    23
  Use: Scroll            |     4 |     3 |       ||     7
       Potion            |       |     5 |       ||     5
  Eat: Chunk             |     2 |     3 |     6 ||    11
Armor: Scale mail        |    68 |    38 |    33 ||   139
       Skin              |       |    15 |       ||    15
Dodge: Dodged            |    45 |    48 |    43 ||   136
Block: Shield            |    88 |    80 |    38 ||   206
